 Dungeon Crawl Stone Soup version 0.16.0-17-g811c1d7 (webtiles) character file.

345 MDvedh the Sneak (level 6, -13/30 HPs)
             Began as a Vine Stalker Hunter on Mar 22, 2015.
             Was an Initiate of Okawaru.
             Mangled by Prince Ribbit (15 damage)
             ... on level 4 of the Dungeon.
             The game lasted 00:04:14 (2028 turns).

MDvedh the Sneak (Vine Stalker Hunter)              Turns: 2028, Time: 00:04:14

Health: -13/30     AC:  5    Str: 14    XL:     6   Next: 58%
Magic:  0/8        EV: 12    Int: 15    God:    Okawaru [......]
Gold:   141        SH:  0    Dex: 17    Spells: 0 memorised, 5 levels left

rFire  + . .     SeeInvis .     q - +0 dagger (venom)
rCold  . . .     Clarity  .     d - +0 leather armour (curse)
rNeg   + . .     SustAb   .     (no shield)
rPois  .         Gourm    .     (no helmet)
rElec  .         Spirit   +     i - +1 cloak
rCorr  .         Warding  +     (no gloves)
rMut   .         Stasis   .     (no boots)
MR     .....                    l - amulet of warding
Stlth  +++.......               o - ring of protection from fire
                                e - +4 ring of intelligence

@: not resistant to hostile enchantments, fairly stealthy
A: fangs 2, regeneration 2, magic shield, antimagic bite, no device heal 3, rot
immunity
a: Renounce Religion


You were on level 4 of the Dungeon.
You worshipped Okawaru.
Okawaru was noncommittal.
You were not hungry.

You visited 1 branch of the dungeon, and saw 4 of its levels.

You collected 141 gold pieces.

Inventory:

Hand weapons
 a - a +0 short sword
 q - a +0 dagger of venom (weapon)
 w - a cursed -1 long sword
Missiles
 b - 2 javelins (quivered)
 c - 2 throwing nets
Armour
 d - a cursed +0 leather armour (worn)
 i - a +1 cloak (worn)
Jewellery
 e - a +4 ring of intelligence (left hand)
 l - an amulet of warding (around neck)
 o - a ring of protection from fire (right hand)
Scrolls
 h - 6 scrolls of identify {unknown}
 m - 4 scrolls of recharging {unknown}
 p - a scroll of enchant weapon {unknown}
 t - 3 scrolls of fog {unknown}
 y - 2 scrolls of remove curse {unknown}
 z - a scroll of magic mapping {unknown}
Potions
 g - a potion of resistance {unknown}
 k - 3 potions of invisibility {unknown}
 n - 4 potions of restore abilities {unknown}
 r - 3 potions of brilliance {unknown}
 u - a potion of heal wounds {unknown}
 v - a potion of might {unknown}
 x - 2 potions of flight {unknown}
 A - 2 potions of magic {unknown}
Comestibles
 f - 4 bread rations
 j - 3 meat rations
 s - a beef jerky


   Skills:
 - Level 1.7 Fighting
 + Level 3.9 Short Blades
 - Level 3.6 Throwing
 - Level 1.5 Dodging
 * Level 6.1 Stealth


You had 5 spell levels left.
You didn't know any spells.

Dungeon Overview and Level Annotations

Branches:
Dungeon (4/15)
 Temple: D:4-7

Altars:
Cheibriados
Okawaru
Ru
The Shining One

Annotations:
D:3 exclusion: door
D:4 Prince Ribbit


Innate Abilities, Weirdness & Mutations

You have extremely sharp teeth.
You heal very quickly.
When hurt, damage is shared between your health and your magic reserves.
Your bite disrupts and absorbs the magic of your enemies.
Potions and wands cannot restore your health.
You are immune to rotting.


Message History

You throw a javelin. The javelin hits Prince Ribbit.
Prince Ribbit is lightly wounded.
Throwing (i - inventory. (,) - cycle):
b - 3 javelins (quivered)
Press: ? - help, Shift-Dir - straight line, f/p - Prince Ribbit
Aim: Prince Ribbit You throw a javelin.
The javelin misses Prince Ribbit.
Prince Ribbit barely misses you.
Prince Ribbit momentarily phases out as your attack passes through him.
Prince Ribbit hits you!!
A giant newt comes into view.
You closely miss Prince Ribbit. Prince Ribbit closely misses you.
You completely miss Prince Ribbit. Your bite misses Prince Ribbit.
The giant newt moves out of view.
Prince Ribbit hits you!!
Ouch! That really hurt!
* * * LOW HITPOINT WARNING * * *
Unknown command.
You hear the slow rusting of a distant drain.
Prince Ribbit hits you!
Ouch! That really hurt!
You die...

.#......####..##
.#....#.#....##
.#..#.>......#
#+..#....###.##
...#...## #..##
# ..#.###
##..### #.#
#....##...#
#........#
#..F@....#
#........#
#....#..#.# .
.l.(...#.## # .
.(#(#).$..#
#.#....## #. #
#.... .. .....#
.. ##.


You could see Prince Ribbit and a giant newt.

Vanquished Creatures
  Menkaure (D:4)
  A scorpion (D:3)
  2 orc wizards (D:3)
  6 adders (D:3)
  A worm (D:3)
  3 giant geckos
  6 orcs (D:3)
  3 ball pythons
  7 giant cockroaches
  9 goblins
  7 hobgoblins
  4 jackals (D:3)
  7 bats
  4 giant newts
  9 kobolds
  A quokka (D:3)
  5 rats
76 creatures vanquished.

Notes
Turn   | Place    | Note
--------------------------------------------------------------
     0 | D:1      | MDvedh, the Vine Stalker Hunter, began the quest for the Orb.
     0 | D:1      | Reached XP level 1. HP: 11/11 MP: 1/1
    12 | D:1      | Reached skill level 1 in Short Blades
    74 | D:1      | Reached XP level 2. HP: 15/15 MP: 0/3
   510 | D:2      | Reached XP level 3. HP: 18/18 MP: 4/4
  1048 | D:3      | Reached XP level 4. HP: 20/23 MP: 5/5
  1092 | D:3      | Noticed a scorpion
  1097 | D:3      | Killed a scorpion
  1097 | D:3      | Reached XP level 5. HP: 26/26 MP: 7/7
  1109 | D:3      | Found a snail-covered altar of Cheibriados.
  1109 | D:3      | Found an iron altar of Okawaru.
  1110 | D:3      | Found a glowing golden altar of the Shining One.
  1117 | D:3      | Became a worshipper of Warmaster Okawaru
  1169 | D:3      | Reached skill level 4 in Stealth
  1568 | D:3      | Reached skill level 5 in Stealth
  1647 | D:3      | Gained mutation: You heal very quickly. [vine stalker growth]
  1647 | D:3      | Reached XP level 6. HP: 30/30 MP: 8/8
  1660 | D:3      | Noticed a moth of wrath
  1817 | D:4      | Noticed Menkaure
  1885 | D:4      | Killed Menkaure
  1885 | D:4      | Reached skill level 6 in Stealth
  1981 | D:4      | Found a sacrificial altar of Ru.
  2020 | D:4      | Noticed Prince Ribbit
  2028 | D:4      | Mangled by Prince Ribbit

Action                   |  1- 3 |  4- 6 || total
-------------------------+-------+-------++-------
Melee: Short sword       |    48 |       ||    48
       Dagger            |    24 |   104 ||   128
Throw: Javelin           |       |    10 ||    10
 Stab: Sleeping          |     1 |     3 ||     4
       Distracted        |       |     1 ||     1
       Invisible         |       |     1 ||     1
       Paralysed         |       |     1 ||     1
  Eat: Chunk             |       |     2 ||     2
       Pizza             |       |     1 ||     1
